 Dungeon Sprint DCSS version 0.17-a0-1954-g0dddeaa (webtiles) character file.

242 kosy22 the Grappler (level 5, -1/57 HPs)
             Began as a Troll Monk on Oct 4, 2015.
             Was the Champion of Jiyva.
             Slain by a troll (12 damage)
             ... in the Dungeon (Sprint IX: "|||||||||||||||||||||||||||||").
             The game lasted 00:01:04 (145 turns).

kosy22 the Grappler (Troll Monk)                     Turns: 145, Time: 00:01:04

Health: -1/57      AC:  5    Str: 20    XL:     5   Next: 81%
Magic:  4/4        EV: 12    Int:  6    God:    Jiyva [******]
Gold:   0          SH:  0    Dex: 12    Spells: 0 memorised, 4 levels left

rFire  . . .     SeeInvis .     o - +3 war axe (chop)
rCold  . . .     Clarity  .     a - +0 robe
rNeg   . . .     SustAt   .     (no shield)
rPois  +         Gourm    +     (helmet restricted)
rElec  .         Spirit   .     (no cloak)
rCorr  +         Warding  .     (gloves unavailable)
rMut   .         NoTele   +     (boots unavailable)
MR     .....                    (no amulet)
Stlth  ++........               (no ring)
                                (no ring)

@: not resistant to hostile enchantments, unstealthy
A: unfitting armour, claws 3, breathe flames 1, fast metabolism 3, gourmand,
sense surroundings 1, poison resistance, regeneration 2, shaggy fur 1, tough
skin 2, translucent skin 1, tendrils
a: Request Jelly, Jelly Paralyse, Slimify, Cure Bad Mutation, Renounce Religion,
Breathe Fire


You were in the Dungeon.
You worshipped Jiyva.
Jiyva was exalted by your worship.
You were not hungry.

You visited 1 branch

Inventory:

Hand weapons
 o - a +3 war axe of chopping (weapon)
Armour
 a - a +0 robe (worn)
Jewellery
 m - a +2 ring of protection
 n - a +3 ring of strength
Magical devices
 l - a wand of cold (7)
Scrolls
 h - 2 scrolls of blinking
 j - 3 scrolls of remove curse
 k - 2 scrolls of amnesia
Potions
 c - 5 potions of curing
 d - a potion of invisibility
 e - a potion of haste
 f - 4 potions of magic
 g - a potion of berserk rage
 i - 2 potions of heal wounds
Comestibles
 b - 2 bread rations


   Skills:
 + Level 5.0 Fighting
 + Level 0.4 Axes
 + Level 6.0 Dodging
 + Level 1.5 Stealth
 + Level 9.3 Unarmed Combat


You had 4 spell levels left.
You didn't know any spells.

Dungeon Overview and Level Annotations

Branches:
Dungeon (1/1)

Altars:
Cheibriados
Dithmenos
Elyvilon
Fedhas
Gozag
Kikubaaqudgha
Makhleb
Nemelex Xobeh
Okawaru
Qazlal
Ru
Sif Muna
Trog
Vehumet
Xom
Yredelemnul
Zin
The Shining One
Beogh
Jiyva
Lugonu


Innate Abilities, Weirdness & Mutations

You are too large for most types of armour.
You have claws for hands.
Your metabolism is lightning-fast.
You like to eat raw meat.
You heal very quickly.
You are covered in fur (AC +1).
You have very tough skin (AC +2).
You can breathe flames.
You passively map a small area around you.
Your system is resistant to poisons.
Your skin is partially translucent (Stealth, -foe acc).
You are covered in slimy tendrils that may disarm your opponents.


Message History

The iguana is moderately wounded.
The crimson imp hits you but does no damage.
The iguana bites you!
The crimson imp blinks!
You hit the iguana.
The iguana is heavily wounded.
The iguana barely misses you. x2
You hit the iguana.
You kill the iguana!
Your Fighting skill increases to level 5!
Your Dodging skill increases to level 6!
The troll bites you. The troll closely misses you. The troll claws you.
You hit the troll.
The troll is lightly wounded.
The troll closely misses you. The troll claws you! The troll misses you.
You barely miss the troll.
The troll is lightly wounded.
The troll bites you!
* * * LOW HITPOINT WARNING * * *
The troll barely misses you. The troll claws you!
You die...

* *
,▓.▓
, ,
▓.▓
*
▓.▓
* *
* *
▓.▓
*,
▓.▓
*
▓.▓
* ,
,
,▓.▓
▓J▓
,▓@▓
▓T▓
,▓5▓
*
▓.▓
*
,▓.▓
*
▓.▓
*
,▓.▓
,▓+▓
,


You could see a troll, a crimson imp and a neutral jelly (fellow slime).

Vanquished Creatures
  An ice beast (D)
  A centaur (D)
  An iguana (D)
  A worker ant (D)
  2 giant geckos (D)
  3 orcs (D)
  A bat skeleton (D)
  A jackal (D)
  A giant cockroach zombie (D)
  A giant newt (D)
  A kobold (D)
14 creatures vanquished.

Notes
Turn   | Place    | Note
--------------------------------------------------------------
     0 | D        | kosy22 the Troll Monk began the quest for the Orb.
     0 | D        | Reached XP level 1. HP: 22/22 MP: 0/0
    33 | D        | Noticed an ice beast
    33 | D        | Noticed a centaur
    45 | D        | Killed an ice beast
    45 | D        | Reached skill level 7 in Unarmed Combat
    45 | D        | Reached XP level 2. HP: 29/32 MP: 1/1
    45 | D        | Reached XP level 3. HP: 35/39 MP: 2/2
    45 | D        | Reached XP level 4. HP: 43/48 MP: 3/3
    51 | D        | Killed a centaur
    51 | D        | Reached skill level 5 in Dodging
    51 | D        | Reached skill level 9 in Unarmed Combat
    51 | D        | Reached XP level 5. HP: 51/55 MP: 4/4
    57 | D        | Found a glowing silver altar of Zin.
    57 | D        | Found a glowing golden altar of the Shining One.
    57 | D        | Found an ancient bone altar of Kikubaaqudgha.
    57 | D        | Found a basalt altar of Yredelemnul.
    57 | D        | Found a shimmering altar of Xom.
    57 | D        | Found a radiant altar of Vehumet.
    58 | D        | Found an iron altar of Okawaru.
    59 | D        | Found a burning altar of Makhleb.
    60 | D        | Found a deep blue altar of Sif Muna.
    61 | D        | Found a bloodstained altar of Trog.
    62 | D        | Found a sparkling altar of Nemelex Xobeh.
    63 | D        | Found a white marble altar of Elyvilon.
    64 | D        | Found a roughly hewn altar of Beogh.
    65 | D        | Found a viscous altar of Jiyva.
    66 | D        | Found a corrupted altar of Lugonu.
    67 | D        | Found a blossoming altar of Fedhas.
    68 | D        | Found a snail-covered altar of Cheibriados.
    69 | D        | Found a shadowy altar of Dithmenos.
    70 | D        | Found a stormy altar of Qazlal.
    71 | D        | Found an opulent altar of Gozag.
    72 | D        | Found a sacrificial altar of Ru.
    75 | D        | Became a worshipper of Jiyva Jaxoach the Shapeless
    75 | D        | Acquired Jiyva's first power
    75 | D        | Acquired Jiyva's second power
   117 | D        | Gained mutation: Your skin is partially translucent (Stealth, -foe acc). [Jiyva's grace]
   117 | D        | Acquired Jiyva's third power
   117 | D        | Acquired Jiyva's fourth power
   117 | D        | Gained mutation: You are covered in slimy tendrils that may disarm your opponents. [Jiyva's grace]
   119 | D        | Gained mutation: You passively map a small area around you. [Jiyva's grace]
   120 | D        | Gained mutation: Your system is resistant to poisons. [Jiyva's grace]
   123 | D        | Gained mutation: You can breathe flames. [Jiyva's grace]
   129 | D        | Noticed a worker ant
   129 | D        | Noticed a crimson imp
   129 | D        | Noticed an iguana
   129 | D        | Noticed a troll
   137 | D        | Killed a worker ant
   143 | D        | Killed an iguana
   143 | D        | Reached skill level 5 in Fighting
   145 | D        | Slain by a troll

Vault maps used:
D:        linesprint

Action                   |  1- 3 |  4- 6 || total
-------------------------+-------+-------++-------
Melee: Unarmed           |    29 |     5 ||    34
       War axe           |       |    15 ||    15
  Use: Potion            |     1 |       ||     1
